 Dungeon Crawl Stone Soup version 0.24.0-1-gfbc8707122 (webtiles) character file.

Game seed: 9389868482354845342, levelgen mode: deterministic

37 Emblim88 the Shooter (level 3, 0/31 HPs)
             Began as a Centaur Hunter on Oct 27, 2019.
             Killed from afar by Sigmund (7 damage)
             ... with a magic dart
             ... on level 2 of the Dungeon.
             The game lasted 00:02:36 (1414 turns).

Emblim88 the Shooter (Centaur Hunter)               Turns: 1414, Time: 00:02:37

Health: 0/31       AC:  8    Str: 14    XL:     3   Next: 21%
Magic:  3/3        EV:  1    Int: 10    God:
Gold:   92         SH:  0    Dex: 10    Spells: 2/2 levels left

rFire    . . .     SeeInvis .   b - +0 short sword
rCold    . . .     Gourm    .   (no shield)
rNeg     . . .     Faith    .   r - +0 plate armour
rPois    .         Spirit   .   (no helmet)
rElec    .         Reflect  .   i - scarf {repulsion}
rCorr    .         Harm     .   (no gloves)
MR       .....                  (no barding)
Stlth    ..........             (no amulet)
HPRegen  0.10/turn              (no ring)
MPRegen  0.08/turn              (no ring)

@: confused, repel missiles, very quick
A: large, hooves 3, deformed body, speed 2, tough skin 3
a: no special abilities


You were on level 2 of the Dungeon.
You were hungry.

You visited 1 branch of the dungeon, and saw 2 of its levels.

You collected 92 gold pieces.

Inventory:

Hand Weapons
 a - a +1 shortbow
 b - a +0 short sword (weapon)
Missiles
 d - an arrow
 e - 36 sling bullets
 n - 28 stones (quivered)
Armour
 i - a scarf of repulsion (worn)
 r - a +0 plate armour (worn)
Scrolls
 c - a scroll of fear {unknown}
 h - 2 scrolls of identify {unknown}
 j - a scroll of amnesia {unknown}
 k - 2 scrolls of magic mapping {unknown}
 o - a scroll of teleportation {unknown}
 q - a scroll of immolation {unknown}
Potions
 l - a potion of flight {unknown}
 m - 2 potions of heal wounds {unknown}
 p - a potion of agility {unknown}
Comestibles
 f - 5 rations


   Skills:
 + Level 3.0 Fighting
 + Level 6.1 Bows
 - Level 1.3 Dodging
 - Level 0.4 Stealth


You had 2 spell levels left.
You didn't know any spells.
Your spell library was empty.

Dungeon Overview and Level Annotations

Branches:
Dungeon (2/15)

Altars:

Annotations:
D:2 Sigmund


Innate Abilities, Weirdness & Mutations

You have hooves in place of feet.
Armour fits poorly on your strangely shaped body.
You cover ground very quickly.
You have extremely tough skin. (AC +3)


Message History

* * * LOW HITPOINT WARNING * * *
The bat hits you but does no damage. x3
You hit the bat.
You kill the bat!
The jackal bites you.
* * * LOW HITPOINT WARNING * * *
Your plate armour prevents you from hitting the jackal.
You kick the jackal.
The jackal is heavily wounded.
The jackal bites you but does no damage.
You hit the jackal.
You kill the jackal!
Your Fighting skill increases to level 3!
You are confused.
You see here a jackal corpse.
You bump into the rock wall.
You bump into the rock wall.
A magic dart appears from out of thin air!
The magic dart hits you!
You die...

# #+# # #.# .# #
###.##### .#
###{......# .#
.......##.# .#
###.....#h# .#
#....##.# .#
#.#.###.########%#
#.............@..#
#.....############
#######


There were no monsters in sight!

Vanquished Creatures
  A leopard gecko (D:2)
  2 giant cockroaches (D:2)
  4 goblins
  6 hobgoblins
  3 jackals (D:2)
  3 bats
  A frilled lizard (D:1)
  4 kobolds (D:1)
  10 rats
34 creatures vanquished.

Notes
Turn   | Place    | Note
-------+----------+-------------------------------------------
     0 | D:1      | Emblim88 the Centaur Hunter began the quest for the Orb.
     0 | D:1      | Reached XP level 1. HP: 17/17 MP: 1/1
   212 | D:1      | Reached XP level 2. HP: 22/25 MP: 2/2
  1169 | D:2      | Reached skill level 6 in Bows
  1233 | D:2      | Reached XP level 3. HP: 18/30 MP: 3/3
  1360 | D:2      | Noticed Sigmund
  1414 | D:2      | Killed from afar by Sigmund

Levels and vault maps discovered:
D:1:      shiori_arrival_maze, layout_basic, nrook_mini_backslash,
          grunt_decor_cap
D:2:      layout_loops_corners, uniq_sigmund

Skill      XL: |  1  2  3 |
---------------+----------+-----
Bows           | 6 |  6.1
Fighting       | 3 |  3.0
Dodging        | |  1.3
Stealth        | |  0.4

Action                   || total
-------------------------++-------
Melee: Short sword       ||    85
       Kick              ||    13
 Fire: Shortbow          ||    30
Armor: Leather armour    ||     9
       Ring mail         ||    11
       Plate armour      ||    79
Dodge: Dodged            ||    38
       Deflected         ||     2
